 Dungeon Crawl Stone Soup version 0.31-a0-188-g5e087ee2ca (webtiles) character file.

Game seed: 16980896385694144057

77 qw the Shooter (level 4, 0/25 HPs)
             Began as a Deep Elf Hunter on June 23, 2023.
             Slain by an orc
             ... wielding a +0 hand axe
              (2 damage)
             ... on level 3 of the Dungeon.
             The game lasted 00:00:31 (1208 turns).

qw the Shooter (Deep Elf Hunter)                    Turns: 1208, Time: 00:00:32

Health: 0/25       AC:  5    Str: 10    XL:     4   Next: 13%
Magic:  6/6        EV: 12    Int: 14    God:
Gold:   98         SH:  0    Dex: 18    Spells: 3/3 levels left

rFire   + . .        Y - +0 shortbow
rCold   . . .        (shield currently unavailable)
rNeg    . . .        c - +0 leather armour
rPois   .            (no helmet)
rElec   .            (no cloak)
rCorr   +            (no gloves)
SInv    .            (no boots)
Will    .....        (no amulet)
Stlth   ++           e - ring of protection from fire
HPRegen 0.24/turn    o - ring of resist corrosion
MPRegen 0.10/turn

%: no passive effects
@: about to teleport
A: iridescent scales 1, subdued magic 1
a: no special abilities


You were on level 3 of the Dungeon.
You visited 1 branch of the dungeon, and saw 3 of its levels.

You collected 98 gold pieces.


Innate Abilities, Weirdness & Mutations

You are partially covered in iridescent scales. (AC +2)
Your spells are a little easier to cast, but a little less powerful.


   Skills:
 - Level 1.5 Fighting
 + Level 7.5 Ranged Weapons
 - Level 2.4 Dodging
 - Level 1.2 Stealth


You had 3 spell levels left.
You didn't know any spells.
Your spell library was empty.

Inventory:

Hand Weapons
 Y - a +0 shortbow (weapon)
Armour
 c - a +0 leather armour (worn)
Jewellery
 e - a ring of protection from fire (left hand)
 o - a ring of resist corrosion (right hand)
Scrolls
 j - a scroll of identify
Potions
 a - a potion of curing
 b - a potion of might {unknown}
 f - a potion of haste
 k - a potion of resistance
 l - a potion of magic {unknown}
 m - a potion of ambrosia {unknown}

Dungeon Overview and Level Annotations

Branches:
Dungeon (3/15)

Altars:


Message History

The arrow hits the orc.
The orc is almost dead.
You shoot an arrow. The arrow hits the orc!
You kill the orc!
You shoot an arrow.
The arrow hits the orc but does no damage.
You shoot an arrow. The arrow completely misses the orc.
The arrow hits the orc.
The orc is lightly wounded.
You shoot an arrow.
The arrow hits the orc but does no damage.
The orc barely misses you.
You shoot an arrow. The arrow hits the orc.
The orc is severely wounded.
The orc barely misses you.
You shoot an arrow. The arrow closely misses the orc.
The arrow hits the orc.
The orc is severely wounded.
The orc hits you with a +0 hand axe. The orc closely misses you.
You shoot an arrow. The arrow hits the orc.
You kill the orc!
The orc hits you from afar with a +0 trident!
The orc hits you with a +0 hand axe. The orc hits you but does no damage.
You shoot an arrow. The arrow barely misses the orc.
The orc closely misses you. The orc barely misses you.
The orc closely misses you.
You shoot an arrow. The arrow hits the orc.
You kill the orc!
The orc misses you. The orc closely misses you.
You shoot an arrow.
The arrow hits the orc but does no damage.
The orc misses you. The orc hits you with a +0 hand axe.
You shoot an arrow. The arrow hits the orc.
The orc is lightly wounded.
The orc hits you from afar with a +0 trident.
The orc closely misses you. The orc misses you.
The orc hits you with a +0 hand axe.
1208 ||| READING scroll of teleportation.
As you read the scroll of teleportation, it crumbles to dust.
You feel strangely unstable. The orc hits you with a +0 hand axe.
You die...

.....%.......#########
.....................
#....#....#..........
##.%...$........%.....
##..).........#.......#
##....o.........##.#...#
#..$$.)o......(.........
#.....)@.....>...###...#
#.......................
#................%#####.
#.....#%#........## .
#.....#%#........# .
##....#.#.....%.## .
##.. #.##.....## ..#
...#........ #.
#.........


You could see 2 orcs.

Vanquished Creatures
  3 adders
  4 orcs (D:3)
  4 ball pythons
  4 endoplasms (D:1)
  3 giant cockroaches (D:1)
  2 hobgoblins (D:2)
  3 jackals (D:2)
  A quokka (D:3)
  2 bats (D:2)
  5 frilled lizards
  4 goblins
  4 kobolds
  5 rats
44 creatures vanquished.

Notes
Turn   | Place    | Note
-------+----------+-------------------------------------------
     0 | D:1      | qw the Deep Elf Hunter began the quest for the Orb.
     0 | D:1      | Reached XP level 1. HP: 12/12 MP: 3/3
     0 | D:1      | 0 ||| qw: Version: 0.3-a-9-g12657ce
     0 | D:1      | 0 ||| qw: Game counter: 4183
     0 | D:1      | 0 ||| qw: Always use a shield: true
     0 | D:1      | 0 ||| qw: God list: Okawaru
     0 | D:1      | 0 ||| qw: Allow faded altars: false
     0 | D:1      | 0 ||| qw: Do Orc after D:15 true
     0 | D:1      | 0 ||| qw: Do second Lair branch before Depths: true
     0 | D:1      | 0 ||| qw: Lair rune preference: random
     0 | D:1      | 0 ||| qw: Plans: Normal
     0 | D:1      | 0 ||| PLANNING D:1-11
   122 | D:1      | Reached skill level 6 in Ranged Weapons
   122 | D:1      | Reached XP level 2. HP: 16/16 MP: 4/4
   403 | D:1      | 403 ||| UPGRADING to ring of protection from fire.
   404 | D:1      | 404 ||| UPGRADING to ring of resist corrosion.
   405 | D:1      | 405 ||| READING scroll labelled WITAVO TORAI.
   406 | D:1      | 406 ||| READING scroll labelled KOQYCU GUAKA.
   407 | D:1      | 407 ||| READING 2 scrolls labelled HUR ULEGAUGIT.
   412 | D:1      | 412 ||| READING 3 scrolls labelled PADUDE OTAIG.
   413 | D:1      | 413 ||| READING scroll labelled YPTESO QOXTUO.
   414 | D:1      | 414 ||| DRINKING 2 fizzy inky potions.
   415 | D:1      | 415 ||| DRINKING 2 fizzy grey potions.
   415 | D:1      | Gained mutation: You have large cloven feet. [potion of
                  | mutation]
   415 | D:1      | Gained mutation: You sometimes lose your temper in combat.
                  | [potion of mutation]
   415 | D:1      | Gained mutation: You are partially covered in iridescent
                  | scales. (AC +2) [potion of mutation]
   416 | D:1      | 416 ||| DRINKING potion of mutation.
   416 | D:1      | Lost mutation: You sometimes lose your temper in combat.
                  | [potion of mutation]
   416 | D:1      | Lost mutation: You are partially covered in iridescent
                  | scales. (AC +2) [potion of mutation]
   416 | D:1      | Lost mutation: You have large cloven feet. [potion of
                  | mutation]
   416 | D:1      | Gained mutation: Your spells are a little easier to cast,
                  | but a little less powerful. [potion of mutation]
   416 | D:1      | Gained mutation: You are partially covered in iridescent
                  | scales. (AC +2) [potion of mutation]
   417 | D:1      | 417 ||| READING 2 scrolls of identify.
   417 | D:1      | 417 ||| IDENTIFYING red potion
   418 | D:1      | 418 ||| DROPPING scroll of butterflies.
   535 | D:2      | Reached XP level 3. HP: 14/20 MP: 5/5
   966 | D:2      | 966 ||| READING 2 scrolls of identify.
   966 | D:2      | 966 ||| IDENTIFYING bubbling golden potion
  1013 | D:3      | 1013 ||| STAIRDANCE
  1017 | D:2      | Reached skill level 7 in Ranged Weapons
  1190 | D:3      | Reached XP level 4. HP: 25/25 MP: 6/6
  1207 | D:3      | HP: 4/25 [orc/+0 trident (3)]
  1208 | D:3      | 1208 ||| READING scroll of teleportation.
  1208 | D:3      | Slain by an orc

Levels and vault maps discovered:
D:1:      dpeg_arrival_three_same_balls, layout_rooms, minivault_19
D:2:      layout_loops_ring
D:3:      minmay_spotlight, layout_rooms, nicolae_vehumet_radiance

Skill      XL: |  1  2  3 |
---------------+----------+-----
Ranged Weapons | 6 7 |  7.5
Fighting       | |  1.5
Dodging        | |  2.4
Stealth        | |  1.2

Action                     |  1- 3 |  4- 6 || total
---------------------------+-------+-------++-------
   Fire: Shortbow          |    85 |    17 ||   102
    Use: Scroll            |     7 |     1 ||     8
         Potion            |     3 |       ||     3
 Armour: Leather armour    |     4 |     1 ||     5
  Dodge: Dodged            |    19 |    11 ||    30

Table legend:
 A = Non-vault XP
 B = Vault XP
 C = Vault XP percentage of total XP
 D = Non-vault monster count
 E = Vault monster count
 F = Vault count percentage of total count
                 A         B        C        D         E       F
            +---------+---------+-------+---------+---------+-------
      Total |      95 |      15 |  13.6 |      42 |       2 |   4.5
            +---------+---------+-------+---------+---------+-------
        D:1 |      31 |       0 |   0.0 |      19 |       0 |   0.0
        D:2 |      35 |       0 |   0.0 |      14 |       0 |   0.0
        D:3 |      29 |      15 |  34.1 |       9 |       2 |  18.2
            +---------+---------+-------+---------+---------+-------
